 Dungeon Crawl Stone Soup version 0.28-a0-1182-g381e24db82 (webtiles) character file.

Game seed: 17117451193778629312

2252 Conn the Firebug (level 9, -4/52 HPs)
             Began as an Octopode Fire Elementalist on Dec 17, 2021.
             Was a Believer of Sif Muna.
             Slain by a wraith (7 damage)
             ... on level 7 of the Dungeon.
             The game lasted 00:23:36 (8605 turns).

Conn the Firebug (Octopode Fire Elementalist)       Turns: 8605, Time: 00:23:37

Health: -4/52      AC:  1    Str:  9    XL:     9   Next: 37%
Magic:  0/16       EV: 13    Int: 24    God:    Sif Muna [**....]
Gold:   235        SH:  0    Dex: 12    Spells: 2/18 levels left

rFire   . . .      SeeInvis +   a - +2 short sword (freeze)
rCold   . . .      Faith    .   (no shield)
rNeg    . . .      Spirit   +   (helmet restricted)
rPois   .          Reflect  .   v - amulet of guardian spirit
rElec   .          Harm     .   p - ring of wizardry
rCorr   .          Rampage  .   r - ring of see invisible
Will    .....                   (no ring)
Stlth   ++++......              (no ring)
HPRegen 0.17/turn               (no ring)
MPRegen 0.15/turn               (no ring)
                                (no ring)
                                (no ring)

@: about to teleport, attractive, slowed, studying Maces & Flails, very slow
A: almost no armour, amphibious, 8 rings, camouflage 1, gelatinous body 1,
(nimble swimmer 1), tentacles, tentacle spike 1, clever 1, strong 1
a: Renounce Religion, Channel Magic


You were on level 7 of the Dungeon.
You worshipped Sif Muna.
Sif Muna was pleased with you.
You visited 1 branch of the dungeon, and saw 8 of its levels.

You collected 235 gold pieces.

Inventory:

Hand Weapons
 a - a +2 short sword of freezing (weapon)
 b - the +9 arbalest of Riaddoj {flame, rF+++ MP+9 Str-4 Int-5}
   (You took it off an orc on level 4 of the Dungeon)

   Any ammunition fired from it burns those it strikes, dealing additional fire
   damage.
   Str:       It affects your strength (-4).
   Int:       It affects your intelligence (-5).
   rF:        It renders you almost immune to fire.
   MP:        It affects your magic capacity (+9).
 o - a +0 dagger
Missiles
 k - 22 poisoned darts
Armour
 e - a +0 buckler
Jewellery
 p - a ring of wizardry (left tentacle)
 r - a ring of see invisible (right tentacle)
 v - an amulet of guardian spirit (around mantle)
Wands
 q - a wand of digging (6)
Scrolls
 d - a scroll of acquirement {unknown}
 f - a scroll of noise {unknown}
 i - a scroll of teleportation
 j - 3 scrolls of fear
 l - 11 scrolls of identify {unknown}
 t - a scroll of fog {unknown}
 u - a scroll of blinking {unknown}
Potions
 g - a potion of cancellation {unknown}
 h - a potion of attraction
 m - a potion of resistance {unknown}
 n - 3 potions of degeneration {unknown}
 s - a potion of might {unknown}


   Skills:
 + Level 0.9 Fighting
 + Level 1.2 Short Blades
 + Level 2.7 Dodging
 + Level 5.3 Stealth
 + Level 5.2 Spellcasting
 * Level 5.9 Conjurations
 + Level 0.4 Hexes
 * Level 6.6 Fire Magic
 * Level 1.4 Air Magic
 * Level 2.7 Poison Magic
 * Level 4.5 Invocations


You had 2 spell levels left.
You knew the following spells:

 Your Spells              Type           Power      Damage    Failure   Level
a - Foxfire               Conj/Fire      100%       2x1d9     1%          1
b - Conjure Flame         Conj/Fire      36%        6-21      1%          3
c - Inner Flame           Hex/Fire       23%        N/A       2%          3
d - Flame Wave            Conj/Fire      36%        2d7       2%          4
e - Scorch                Fire           76%        2d9       1%          2
f - Mephitic Cloud        Conj/Pois/Air  22%        N/A       2%          3

Your spell library contained the following spells:

 Spells                   Type           Power      Damage    Failure   Level
 Magic Dart               Conj           100%       1d8       1%          1
 Call Imp                 Summ           6%         N/A       5%          2
 Animate Dead             Necr           3%         N/A       32%         4
 Freezing Cloud           Conj/Ice/Air   9%         6-21      32%         5
 Simulacrum               Ice/Necr       3%         N/A       99%         6
 Haunt                    Necr/Summ      3%         N/A       100%        7
 Infestation              Necr           3%         N/A       100%        8
 Polar Vortex             Ice            3%         N/A       100%        9


Dungeon Overview and Level Annotations

Branches:
Dungeon (8/15)             Temple (0/1) D:5
   Lair: D:8-11

Altars:
Elyvilon
Qazlal
Sif Muna
Xom
Zin


Innate Abilities, Weirdness & Mutations

You cannot wear most types of armour.
You are amphibious.
You can wear up to eight rings at the same time.
Your skin changes colour to match your surroundings (Stealth+).
Your rubbery body absorbs attacks. (AC +1, EV +1)
((You are camouflaged near water. (Stealth+)))
You have tentacles for arms and can constrict up to eight enemies at once.
One of your tentacles bears a spike.
Your mind is acute. (Int +2)
Your muscles are strong. (Str +2)


Message History

You feel less invigorated. The wraith hits you!
* * * LOW HITPOINT WARNING * * *
The wraith drains your vigour!
You feel as though you will be slow longer.
A wave of flame ripples out!
The flame wave engulfs the wraith but does no damage.
The wraith is severely damaged.
The wraith is no longer more vulnerable to fire.
The wraith hits you.
* * * LOW HITPOINT WARNING * * *
The wraith drains your vigour!
You feel as though you will be slow longer.
The wraith hits you!
* * * LOW HITPOINT WARNING * * *
The wraith drains your vigour!
You feel as though you will be slow longer.
A wave of flame ripples out!
The flame wave engulfs the wraith but does no damage.
The wraith is severely damaged.
You finish channelling waves of flame.
The wraith barely misses you.
Okay, then.
Okay, then.
Casting: Flame Wave (dangerous; 2% risk of failure)
Confirm with . or Enter, or press ? or * to list all spells.
Flames lash the wraith but do no damage.
The wraith hits you but does no damage. The wraith closely misses you.
Press: ? - help, v - describe, . - travel
Here: a wraith (severely damaged)
The floor.
Unknown command.
You can't see any enemies this would affect, really read the scroll of fear?
Okay, then.
Unknown command.
Unknown command.
Unknown command.
Unknown command.
As you read the scroll labelled VUTZIGA OJURU, it crumbles to dust.
You feel strangely unstable.
It was a scroll of teleportation.
The wraith hits you!
You die...

##### ....# ###.# <.#.#
#.#.# #.#.##############
(..............W@#
#.#.####[######### ..#)#
#.# ###.# #.# ###.# #.#
(##.# #.# .##.# #.# ..#.#
#.################
#.#.####................#


You could see a wraith.

Vanquished Creatures
  3 water moccasins
  An ice beast (D:6)
  5 ogres
  A necrophage (D:2)
  2 centaurs (D:7)
  4 bullfrogs (D:7)
  A water moccasin zombie (D:5)
  4 wights (D:7)
  A bullfrog zombie (D:7)
  A centaur zombie (D:7)
  3 hounds
  A jelly (D:7)
  2 orc priests
  Terence (D:2)
  An iguana (D:5)
  5 orc wizards
  A hound zombie (D:5)
  A howler monkey zombie (D:6)
  6 adders
  3 gnolls (D:4)
  A shadow imp (D:7)
  2 white imps
  An adder skeleton (D:4)
  3 worms
  3 dart slugs
  24 orcs
  9 bats
  10 endoplasms
  A giant cockroach (D:4)
  9 goblins
  12 hobgoblins
  5 quokkas
  7 ball pythons
  A frilled lizard (D:1)
  10 kobolds
  4 rats
149 creatures vanquished.

Vanquished Creatures (others)
  564 foxfires
  5 plants (D:7)
569 creatures vanquished.

Grand Total: 718 creatures vanquished

Notes
Turn   | Place    | Note
-------+----------+-------------------------------------------
     0 | D:1      | Conn the Octopode Fire Elementalist began the quest for the
                  | Orb.
     0 | D:1      | Reached XP level 1. HP: 11/11 MP: 3/3
   291 | D:1      | Reached XP level 2. HP: 16/17 MP: 0/5
   800 | D:1      | Reached XP level 3. HP: 21/21 MP: 4/6
  1685 | D:2      | Noticed Terence
  1981 | D:2      | Killed Terence
  1982 | D:2      | Reached XP level 4. HP: 11/27 MP: 0/7
  2267 | D:2      | Found a faded altar of an unknown god.
  2333 | D:2      | Reached skill level 4 in Fire Magic
  2414 | D:2      | Noticed a necrophage
  2432 | D:2      | Killed a necrophage
  2433 | D:2      | Reached XP level 5. HP: 31/31 MP: 0/9
  3031 | D:2      | Found a stormy altar of Qazlal.
  3542 | D:3      | Found a shimmering blue altar of Sif Muna.
  3546 | D:3      | Became a worshipper of Sif Muna the Loreminder
  3552 | D:3      | Found a stormy altar of Qazlal.
  3565 | D:3      | Found a white marble altar of Elyvilon.
  3568 | D:3      | Found a shimmering altar of Xom.
  3985 | D:3      | Learned a level 3 spell: Conjure Flame
  3989 | D:3      | Learned a level 3 spell: Inner Flame
  4060 | D:4      | Reached XP level 6. HP: 36/36 MP: 0/10
  4148 | D:3      | Learned a level 4 spell: Flame Wave
  4520 | D:4      | Reached skill level 1 in Invocations
  4711 | D:4      | Identified the +9 arbalest of Riaddoj {flame, rF+++ MP+9
                  | Str-4 Int-5}
  4823 | D:4      | Reached * piety under Sif Muna
  5190 | D:5      | Entered Level 5 of the Dungeon
  5342 | D:5      | Reached XP level 7. HP: 41/41 MP: 9/12
  5542 | D:5      | Found a staircase to the Ecumenical Temple.
  5578 | D:5      | Reached skill level 5 in Fire Magic
  5663 | D:5      | Reached skill level 1 in Short Blades
  5818 | D:5      | Reached XP level 8. HP: 47/47 MP: 8/14
  6419 | D:7      | Reached skill level 6 in Fire Magic
  6696 | D:7      | Learned a level 2 spell: Scorch
  6700 | D:7      | Learned a level 3 spell: Mephitic Cloud
  6727 | D:7      | Reached skill level 5 in Conjurations
  6727 | D:7      | Reached skill level 1 in Poison Magic
  6734 | D:7      | Reached skill level 5 in Spellcasting
  6921 | D:7      | Reached skill level 1 in Air Magic
  6925 | D:7      | Reached ** piety under Sif Muna
  6926 | D:7      | Reached skill level 5 in Stealth
  7231 | D:6      | Found a glowing silver altar of Zin.
  7301 | D:6      | Reached XP level 9. HP: 52/52 MP: 1/16
  8318 | D:7      | Identified the +1 ring mail "Nepok" {Int+3 Dex+5}
  8597 | D:7      | Gained mutation: Your muscles are strong. (Str +2) [potion
                  | of mutation]
  8597 | D:7      | Gained mutation: Your mind is acute. (Int +2) [potion of
                  | mutation]
  8597 | D:7      | Gained mutation: One of your tentacles bears a spike.
                  | [potion of mutation]
  8602 | D:7      | HP: 2/52 [wraith (5)]
  8605 | D:7      | Slain by a wraith

Illustrated notes

Levels and vault maps discovered:
D:1:      dpeg_arrival_rooms_with_view, layout_loops_cross
D:2:      layout_basic, basic_altar, ebering_ecumenical_altar_rust,
          minmay_misc_feat_nine_boxes, uniq_terence
D:3:      layout_basic, grunt_temple_overflow_cloverleaf,
          kennysheep_cross_bottleneck
D:4:      layout_loops_cross, st_stairs_6
D:5:      layout_rooms, minmay_temple_entry_wispy
D:6:      layout_cave_pools, mainiacjoe_overflow_small_starburst,
          nicolae_concentric_dashed_squares_mild
D:7:      corexii_shack_village, layout_basic, st_stairs_13,
          hangedman_decor_push
D:8:      layout_basic, mainiacjoe_overflow_six_doors_small,
          grunt_gozag_statues, serial_ice, serial_ice_h, serial_ice_j,
          serial_ice_d, serial_ice_f, uniq_harold

Skill      XL: |  1  2  3  4  5  6  7  8  9 |
---------------+----------------------------+-----
Stealth        | 3 4 5 |  5.3
Conjurations   | 2 3 4 5 |  5.9
Fire Magic     | 4 5 6 |  6.6
Spellcasting   | 3 4 5 |  5.2
Invocations    | 1 2 3 4 |  4.5
Short Blades   | 1 |  1.2
Poison Magic   | 1 2 |  2.7
Air Magic      | 1 |  1.4
Fighting       | |  0.9
Dodging        | |  2.7
Hexes          | |  0.4

Action                   |  1- 3 |  4- 6 |  7- 9 || total
-------------------------+-------+-------+-------++-------
Melee: Unarmed           |    11 |       |       ||    11
       Constrict         |     7 |     8 |     4 ||    19
       Tentacles         |     3 |     2 |     2 ||     7
       Dagger            |    11 |    27 |       ||    38
       Short sword       |       |     3 |    30 ||    33
 Cast: Foxfire           |    82 |   111 |   146 ||   339
       Conjure Flame     |       |     2 |     2 ||     4
       Inner Flame       |       |       |     4 ||     4
       Flame Wave        |       |       |     5 ||     5
       Mephitic Cloud    |       |       |     2 ||     2
       Scorch            |       |       |     6 ||     6
Invok: Channel Magic     |       |       |     1 ||     1
Evoke: Wand              |       |       |     1 ||     1
  Use: Potion            |       |       |     5 ||     5
       Scroll            |       |       |     2 ||     2
 Stab: Sleeping          |     1 |     2 |     1 ||     4
Armor: Skin              |     6 |       |     4 ||    10
Dodge: Dodged            |    24 |    26 |    45 ||    95

Table legend: (Time is in decaauts)
 A = Elapsed time spent in this place.
 B = Non-inter-level travel time spent in this place.
 C = Inter-level travel time spent in this place.
 D = Time resting spent in this place.
 E = Time spent auto-exploring this place.
 F = Levels seen in this place.
 G = Mean time per level.
                   A        B        C        D        E       F      G
               +--------+--------+--------+--------+--------+-----+--------+
         Total |   8616 |   8493 |    123 |   1069 |   5548 |   8 | 1077.0 |
       Dungeon |   8616 |   8493 |    123 |   1069 |   5548 |   8 | 1077.0 |
               +--------+--------+--------+--------+--------+-----+--------+

Top non-repeatable levels by time:
     D:2: 1714 daAuts
     D:1: 1434 daAuts
     D:7: 1393 daAuts
     D:4: 1211 daAuts
     D:6: 972 daAuts
     D:3: 963 daAuts
     D:5: 918 daAuts
     D:8: 9 daAuts
